[Event "Titled Tuesday Blitz July 18 Early 2023"]
[White "Michalczak, Thomas"]
[Black "Travadon, Loic"]
[WhiteFideId "4622634"]
[BlackFideId "26092131"]
[WhiteElo "2493"]
[BlackElo "2314"]
[Result "1-0"]
[Round "8"]
[TimeControl "180+2"]
[Date "2023.07.18"]
[WhiteClock "0:01:27"]
[BlackClock "0:01:37"]
[Board "138"]

1. e4 e5 2. Nf3 Nc6 3. Bb5 a6 4. Ba4 Nf6 5. O-O b5 6. Bb3 Nxe4 7. d4 d5 8. dxe5 Be6 9. Nbd2 Nc5 10. c3 Nxb3 11. Nxb3 Be7 12. Nfd4 Nxd4 13. cxd4 a5 14. a4 b4 15. Be3 O-O 16. Qc2 f6 17. f4 fxe5 18. dxe5 Rc8 19. Bc5 Bf5 20. Qf2 Be4 21. Rac1 Bxc5 22. Qxc5 c6 23. Nxa5 d4 24. Nb7 Qd7 25. Nd6 Bd5 26. Nxc8 Qg4 27. Ne7+ 1-0


[Site "https://www.chess.com"]

[Event "Titled Tuesday Blitz July 18 Early 2023"]
[White "Wartiovaara, Oliver"]
[Black "Holtel, Jasper"]
[WhiteFideId "513024"]
[BlackFideId "12956376"]
[WhiteElo "2471"]
[BlackElo "2303"]
[Result "1/2-1/2"]
[Round "8"]
[TimeControl "180+2"]
[Date "2023.07.18"]
[WhiteClock "0:00:04"]
[BlackClock "0:00:09"]
[Board "139"]

1. b4 c6 2. Bb2 Qb6 3. a3 a5 4. c3 Nf6 5. Nf3 d5 6. d4 Bf5 7. e3 e6 8. Nbd2 Nbd7 9. Be2 Bd6 10. O-O Ne4 11. Nxe4 dxe4 12. Nd2 Bg6 13. Nc4 Qc7 14. Nxd6+ Qxd6 15. b5 O-O 16. a4 Qd5 17. c4 Qg5 18. Rb1 f5 19. bxc6 bxc6 20. d5 exd5 21. cxd5 c5 22. Bb5 Nf6 23. Rc1 Bh5 24. Qb3 Bf3 25. g3 Qg4 26. Rfe1 Rab8 27. Qc4 Qh5 28. d6+ Kh8 29. h4 g5 30. Qe6 Qg6 31. Rxc5 gxh4 32. Rxf5 hxg3 33. Bxf6+ Rxf6 34. Qxf6+ Qxf6 35. Rxf6 Rg8 36. fxg3 Rxg3+ 37. Kh2 Rg2+ 38. Kh3 Rd2 39. d7 h5 40. Re6 Bg4+ 41. Kh4 Bxe6 42. Rf1 Bxd7 43. Rf8+ Kg7 44. Rd8 Rh2+ 45. Kg3 Rh3+ 46. Kg2 Bxb5 47. Kxh3 Bxa4 48. Kh4 Bd1 49. Kg5 Bf3 50. Ra8 Kf7 51. Rxa5 Ke6 52. Ra6+ Kf7 53. Kf5 Ke7 54. Re6+ Kf7 55. Rh6 Kg7 56. Rb6 Kf7 57. Rb7+ Ke8 58. Ke6 Kd8 59. Rd7+ Ke8 60. Rg7 Kf8 61. Rh7 Kg8 62. Ra7 Kf8 63. Kf6 Ke8 64. Ra5 Kd7 65. Rf5 Kd6 66. Rg5 Kd7 67. Kf5 Kd6 68. Rg7 Kd5 69. Rd7+ Kc5 70. Rd2 Kc4 71. Ke5 Kc3 72. Rd4 Kc2 73. Rxe4 Bxe4 74. Kxe4 h4 75. Kf4 Kd3 76. e4 Kd4 77. e5 Kd5 78. Kg4 Kxe5 79. Kxh4 1/2-1/2


[Site "https://www.chess.com"]

[Event "Titled Tuesday Blitz July 18 Early 2023"]
[White "Zaim, Marian"]
[Black "Cheer_Down"]
[WhiteFideId "1204114"]
[WhiteElo "2300"]
[BlackElo "2440"]
[Result "1-0"]
[Round "8"]
[TimeControl "180+2"]
[Date "2023.07.18"]
[WhiteClock "0:00:16"]
[BlackClock "0:00:00"]
[Board "140"]

1. d4 Nf6 2. c4 g6 3. g3 Bg7 4. Bg2 O-O 5. e4 d6 6. Ne2 c5 7. O-O cxd4 8. Nxd4 Nc6 9. Nxc6 bxc6 10. Nc3 Qa5 11. h3 Nd7 12. Bd2 Qe5 13. Qc2 Rb8 14. Rad1 Nc5 15. Be3 Qh5 16. g4 Qh4 17. Qd2 h6 18. b3 f5 19. exf5 gxf5 20. f3 Ne6 21. Bxa7 Ra8 22. Bf2 Qf6 23. Ne2 h5 24. gxh5 Kh8 25. f4 Bd7 26. Bf3 Rg8 27. Kh2 Bh6 28. Rg1 Rxg1 29. Rxg1 Rg8 30. Rxg8+ Kxg8 31. Bg3 Kf8 32. a4 Qa1 33. a5 Qf1 34. Bg2 Qa1 35. Ng1 c5 36. Nf3 1-0


[Site "https://www.chess.com"]

[Event "Titled Tuesday Blitz July 18 Early 2023"]
[White "Gaal, Zsoka"]
[Black "Spichkin, Alexander"]
[WhiteFideId "777765"]
[BlackFideId "4144074"]
[WhiteElo "2411"]
[BlackElo "2297"]
[Result "1-0"]
[Round "8"]
[TimeControl "180+2"]
[Date "2023.07.18"]
[WhiteClock "0:02:39"]
[BlackClock "0:02:06"]
[Board "141"]

1. Nf3 f5 2. g3 Nf6 3. Bg2 d6 4. O-O e5 5. d4 Be7 6. dxe5 dxe5 7. Qxd8+ Bxd8 8. Nxe5 O-O 9. c4 Nc6 10. Nxc6 bxc6 11. Bxc6 Rb8 12. Nc3 Be6 13. b3 Be7 14. Bf4 Bb4 15. Nd5 Nxd5 16. cxd5 Bf7 17. Bxc7 Rbd8 18. Bxd8 1-0


[Site "https://www.chess.com"]

[Event "Titled Tuesday Blitz July 18 Early 2023"]
[White "Bueno, Alfeu Junior Varela"]
[Black "Chemin, Justo Reinaldo"]
[WhiteFideId "2108879"]
[BlackFideId "2101580"]
[WhiteElo "2408"]
[BlackElo "2266"]
[Result "0-1"]
[Round "8"]
[TimeControl "180+2"]
[Date "2023.07.18"]
[WhiteClock "0:00:40"]
[BlackClock "0:00:30"]
[Board "142"]

1. e4 e6 2. d4 d5 3. Nd2 Nf6 4. Bd3 c5 5. c3 cxd4 6. cxd4 dxe4 7. Nxe4 Nc6 8. Nf3 Bb4+ 9. Bd2 Bxd2+ 10. Qxd2 O-O 11. Nc3 b6 12. O-O Bb7 13. Rfe1 Qd6 14. Rad1 Rfd8 15. Qg5 h6 16. Qh4 Ne7 17. Ne5 Kf8 18. Bf1 a6 19. g4 Ned5 20. Bg2 Nxc3 21. Bxb7 Nxd1 22. Bxa8 Nxb2 23. Bb7 Qxd4 24. Rf1 Qxe5 25. Bxa6 Rd4 26. h3 Nd3 27. Qg3 Qxg3+ 28. fxg3 Nc5 29. Bb5 Rd2 30. a4 Ra2 31. Rb1 Nxa4 32. Bc6 Nc3 33. Rxb6 Ncd5 34. Rb7 Ne4 35. h4 Nxg3 36. g5 hxg5 37. hxg5 Nf4 0-1


[Site "https://www.chess.com"]

[Event "Titled Tuesday Blitz July 18 Early 2023"]
[White "Hoffmann, Asa"]
[Black "Luxama, Jacques Muller"]
[WhiteFideId "2001470"]
[BlackFideId "11900113"]
[WhiteElo "2391"]
[BlackElo "2256"]
[Result "1-0"]
[Round "8"]
[TimeControl "180+2"]
[Date "2023.07.18"]
[WhiteClock "0:00:59"]
[BlackClock "0:00:17"]
[Board "143"]

1. d4 Nf6 2. Bg5 c5 3. d5 d6 4. Nc3 e6 5. e4 exd5 6. exd5 h6 7. Bh4 Be7 8. Be2 O-O 9. Nf3 Re8 10. O-O Nh5 11. Bxe7 Rxe7 12. Re1 Nd7 13. Qd2 Nhf6 14. a4 a6 15. Qf4 Nf8 16. Bd3 Bg4 17. h3 Bh5 18. Rxe7 Qxe7 19. Re1 Qc7 20. Nh4 N8d7 21. Nf5 Ne5 22. Nxh6+ Kf8 23. Nf5 Bg6 24. Qg5 Nxd3 25. cxd3 Bxf5 26. Qxf5 Qb6 27. Re2 Re8 28. Qf3 Qb4 29. Rxe8+ Nxe8 30. Qe2 b5 31. axb5 axb5 32. Ne4 Qd4 33. Qh5 Qxd3 34. Ng3 Nf6 35. Qh8+ Ng8 36. Qh4 Qxd5 37. Qd8# 1-0


[Site "https://www.chess.com"]

[Event "Titled Tuesday Blitz July 18 Early 2023"]
[White "Slovineanu, Viacheslav"]
[Black "Thiel, Thomas"]
[WhiteFideId "13900510"]
[BlackFideId "4615964"]
[WhiteElo "2376"]
[BlackElo "2246"]
[Result "0-1"]
[Round "8"]
[TimeControl "180+2"]
[Date "2023.07.18"]
[WhiteClock "0:00:45"]
[BlackClock "0:01:10"]
[Board "144"]

1. d4 d5 2. Nf3 Nf6 3. c4 dxc4 4. e3 Bg4 5. Bxc4 e6 6. Nbd2 Nc6 7. O-O Bd6 8. a3 O-O 9. b4 e5 10. d5 Ne7 11. e4 c6 12. dxc6 Nxc6 13. Bb2 Re8 14. Qb3 Qe7 15. Rfe1 a5 16. b5 a4 17. Qa2 Na5 18. Bf1 Be6 19. Qb1 Nb3 20. Nxb3 Bxb3 21. Nd2 Be6 22. Nc4 Bb8 23. Nxe5 Bb3 24. Nf3 Nxe4 25. Nd2 Bxh2+ 26. Kh1 Qh4 27. Rxe4 Bf4+ 0-1


[Site "https://www.chess.com"]

[Event "Titled Tuesday Blitz July 18 Early 2023"]
[White "Kiseleva, Arina"]
[Black "Alain_Otero"]
[WhiteFideId "4164989"]
[WhiteElo "2217"]
[BlackElo "2365"]
[Result "1/2-1/2"]
[Round "8"]
[TimeControl "180+2"]
[Date "2023.07.18"]
[WhiteClock "0:02:14"]
[BlackClock "0:01:23"]
[Board "145"]

1. d4 d5 2. Nf3 Nf6 3. e3 e6 4. Bd3 c5 5. b3 Nc6 6. O-O Bd6 7. Bb2 O-O 8. Nbd2 a6 9. Ne5 Qc7 10. Nxc6 bxc6 11. dxc5 Bxc5 12. Bxf6 gxf6 13. Qg4+ Kh8 14. Qh4 f5 15. Qf6+ Kg8 16. Qg5+ Kh8 17. Qf6+ Kg8 18. Qg5+ Kh8 19. Qf6+ 1/2-1/2


[Site "https://www.chess.com"]

[Event "Titled Tuesday Blitz July 18 Early 2023"]
[White "Dubreuil, Julien"]
[Black "Topalov, Aleksandar"]
[WhiteFideId "621285"]
[BlackFideId "925659"]
[WhiteElo "2356"]
[BlackElo "2360"]
[Result "0-1"]
[Round "8"]
[TimeControl "180+2"]
[Date "2023.07.18"]
[WhiteClock "0:00:57"]
[BlackClock "0:00:53"]
[Board "146"]

1. c4 Nf6 2. g3 g6 3. Bg2 Bg7 4. Nc3 O-O 5. e4 c5 6. Nge2 d6 7. d3 Nc6 8. h3 a6 9. O-O Rb8 10. a4 Ne8 11. Rb1 Nc7 12. Be3 b5 13. cxb5 axb5 14. axb5 Nxb5 15. Nxb5 Rxb5 16. d4 cxd4 17. Nxd4 Nxd4 18. Bxd4 Bxd4 19. Qxd4 Be6 20. b4 Qb8 21. h4 Rc8 22. Rfd1 Rc4 23. Qa1 Rcxb4 24. Rbc1 Rb2 25. h5 Rxh5 26. Rb1 Rhb5 27. Rxb2 Rxb2 28. Qa3 Qb6 29. Qf3 h5 30. Ra1 Rb1+ 31. Rxb1 Qxb1+ 32. Kh2 Qb2 33. Qe3 Kg7 34. Kg1 Bg4 35. Kh2 Qe5 36. f4 Qb2 37. e5 dxe5 38. fxe5 Qe2 39. Qd4 Bf3 40. e6+ f6 41. Qg1 Qxg2+ 42. Qxg2 Bxg2 0-1


[Site "https://www.chess.com"]

[Event "Titled Tuesday Blitz July 18 Early 2023"]
[White "LLariMarc"]
[Black "campochess"]
[WhiteElo "2168"]
[BlackElo "2140"]
[Result "1-0"]
[Round "8"]
[TimeControl "180+2"]
[Date "2023.07.18"]
[WhiteClock "0:01:51"]
[BlackClock "0:00:08"]
[Board "147"]

1. d4 Nf6 2. Nf3 g6 3. Bg5 Bg7 4. Nbd2 d5 5. e3 c6 6. Bd3 Bf5 7. Bxf5 gxf5 8. Ne5 Nbd7 9. Ndf3 h6 10. Bxf6 Nxf6 11. Qe2 Ne4 12. O-O-O Qa5 13. Kb1 O-O 14. Rhg1 Kh8 15. g4 fxg4 16. Rxg4 Bf6 17. Rdg1 Rac8 18. Qf1 Qb4 19. Ka1 c5 20. Qh3 Kh7 21. Rh4 Bg7 22. Qf5+ Kh8 23. Nxf7+ Rxf7 24. Qxf7 Rg8 25. Rxh6+ 1-0


[Site "https://www.chess.com"]

[Event "Titled Tuesday Blitz July 18 Early 2023"]
[White "EdmundPlayer"]
[Black "Filgueira, Hernan"]
[BlackFideId "101770"]
[WhiteElo "2302"]
[BlackElo "2563"]
[Result "0-1"]
[Round "8"]
[TimeControl "180+2"]
[Date "2023.07.18"]
[WhiteClock "0:00:00"]
[BlackClock "0:01:22"]
[Board "148"]

1. e4 d5 2. exd5 Qxd5 3. Nc3 Qd6 4. d4 c6 5. Nf3 Nf6 6. g3 Bf5 7. Bf4 Qb4 8. Bd3 Bg6 9. Bxg6 hxg6 10. Qd2 e6 11. O-O-O Nbd7 12. Kb1 Qa5 13. Qd3 Bb4 14. Ne4 Nxe4 15. Qxe4 Qf5 16. Qxf5 gxf5 17. c3 Be7 18. c4 Nb6 19. b3 Rd8 20. Rd3 f6 21. Rhd1 g5 22. Bc1 Kf7 23. a4 Rd7 24. a5 Nc8 25. d5 cxd5 26. cxd5 e5 27. Bb2 Bd6 28. R3d2 Re8 29. h4 g4 30. Ne1 Bb4 31. Rc2 Bxa5 32. Ng2 Bb6 33. Ba3 Red8 34. Rcd2 Bd4 35. Ne3 Bxe3 36. fxe3 Nb6 37. d6 Ke6 38. Bc5 Nc8 39. Kb2 b6 40. Bb4 Nxd6 41. Rc2 Ne4 42. Rc6+ Kf7 43. Rdc1 Nxg3 44. Rg1 Nh5 45. Rgc1 g3 46. Rc7 f4 47. Ka3 f3 48. e4 f2 49. Rxd7+ Rxd7 50. Rc8 g2 51. Rf8+ Kg7 0-1


[Site "https://www.chess.com"]

[Event "Titled Tuesday Blitz July 18 Early 2023"]
[White "Schut, Han"]
[Black "Borrmann, Laurenz"]
[WhiteFideId "1005561"]
[BlackFideId "312187930"]
[WhiteElo "2302"]
[BlackElo "2490"]
[Result "0-1"]
[Round "8"]
[TimeControl "180+2"]
[Date "2023.07.18"]
[WhiteClock "0:00:20"]
[BlackClock "0:01:06"]
[Board "149"]

1. e4 c5 2. Nf3 g6 3. c4 Bg7 4. d4 cxd4 5. Nxd4 d6 6. Be2 Nf6 7. Nc3 O-O 8. Be3 Ne8 9. Rc1 e5 10. Nc2 Be6 11. O-O f5 12. f3 Nc6 13. Qd2 Qe7 14. b3 f4 15. Bf2 g5 16. Nd5 Qf7 17. Rfd1 b6 18. b4 h5 19. h3 Kh8 20. a4 Rg8 21. a5 bxa5 22. b5 Nd8 23. Qxa5 g4 24. hxg4 hxg4 25. fxg4 Bh6 26. Bf3 Bxg4 27. Qc3 Qh5 28. Ne1 Ne6 29. Kf1 Ng5 30. c5 Bxf3 31. gxf3 Nh3 32. cxd6 Nxf2 33. Kxf2 Qh2+ 0-1


[Site "https://www.chess.com"]

[Event "Titled Tuesday Blitz July 18 Early 2023"]
[White "Liu, Casper"]
[Black "Wang, Alexander J"]
[WhiteFideId "1454153"]
[BlackFideId "30955270"]
[WhiteElo "2443"]
[BlackElo "2292"]
[Result "1-0"]
[Round "8"]
[TimeControl "180+2"]
[Date "2023.07.18"]
[WhiteClock "0:00:15"]
[BlackClock "0:00:14"]
[Board "150"]

1. e4 c5 2. d4 cxd4 3. Qxd4 Nc6 4. Qe3 d6 5. Nc3 Nf6 6. Bd2 g6 7. O-O-O Bg7 8. h4 h5 9. f3 O-O 10. Nd5 Nxd5 11. exd5 Ne5 12. g4 hxg4 13. h5 Bf5 14. Bc3 Rc8 15. Rd2 Qb6 16. Bd4 Qa5 17. a3 gxf3 18. Nxf3 Nxf3 19. Qxf3 Bxd4 20. hxg6 fxg6 21. Bd3 Bxd3 22. Qxd3 Bxb2+ 23. Kb1 Rf6 24. Qh3 Rf7 25. Qxc8+ Kg7 26. Qh8# 1-0


[Site "https://www.chess.com"]

[Event "Titled Tuesday Blitz July 18 Early 2023"]
[White "Corredor Castellanos, Camilo"]
[Black "Mikhaylova, Irina"]
[WhiteFideId "4425871"]
[BlackFideId "4109040"]
[WhiteElo "2411"]
[BlackElo "2287"]
[Result "0-1"]
[Round "8"]
[TimeControl "180+2"]
[Date "2023.07.18"]
[WhiteClock "0:01:15"]
[BlackClock "0:00:17"]
[Board "151"]

1. e4 c5 2. Nf3 Nc6 3. d4 cxd4 4. Nxd4 e5 5. Nb5 d6 6. c4 Be7 7. N1c3 a6 8. Na3 Be6 9. Be2 Bg5 10. O-O Bxc1 11. Rxc1 Nf6 12. Nc2 O-O 13. Nd5 Nxe4 14. Nce3 Rc8 15. f4 Nd4 16. Bd3 Nc5 17. f5 Bxd5 18. Nxd5 Nxd3 19. Qxd3 f6 20. b3 Kh8 21. Rce1 b5 22. cxb5 axb5 23. Re4 Rc5 24. Nf4 exf4 25. Rxd4 Qa5 26. Rxd6 Qxa2 27. Rd8 Rc8 28. Rxf8+ Rxf8 29. Rxf4 Qa1+ 30. Kf2 h6 31. Rg4 Qe5 32. Qg3 Qxf5+ 33. Qf3 Qxf3+ 34. gxf3 Rc8 35. Rb4 Rc5 36. Kg3 Kh7 37. Rd4 Rc3 38. Rb4 Rc5 39. Rd4 Rg5+ 40. Kf2 Kg6 41. Rd7 Rc5 42. Rb7 Kf5 43. Kg3 g5 44. b4 Rd5 45. Rc7 h5 46. h3 h4+ 47. Kf2 Ke5 48. Rc6 f5 49. Rb6 Kf4 50. Rc6 Rd2+ 51. Ke1 Rb2 52. Rc3 Rxb4 53. Rc5 Rb2 54. Rd5 b4 55. Rc5 b3 56. Rb5 Kxf3 57. Rxf5+ Kg3 58. Rxg5+ Kxh3 59. Rb5 Kg2 60. Rg5+ Kf3 61. Rf5+ Kg4 62. Rb5 h3 63. Kf1 h2 64. Rb4+ Kg3 0-1


[Site "https://www.chess.com"]

[Event "Titled Tuesday Blitz July 18 Early 2023"]
[White "Goswami, Vedant"]
[Black "Barwinska, Ewa"]
[WhiteFideId "5003725"]
[BlackFideId "21833761"]
[WhiteElo "2390"]
[BlackElo "2280"]
[Result "0-1"]
[Round "8"]
[TimeControl "180+2"]
[Date "2023.07.18"]
[WhiteClock "0:00:00"]
[BlackClock "0:00:08"]
[Board "152"]

1. e4 c5 2. Nf3 d6 3. c3 Nf6 4. h3 Nc6 5. Bd3 d5 6. exd5 Nxd5 7. O-O e6 8. Bb5 Qc7 9. d4 Bd6 10. c4 Ne7 11. d5 a6 12. Ba4 exd5 13. cxd5 b5 14. dxc6 bxa4 15. Qxa4 O-O 16. Nc3 Qxc6 17. Rd1 Qc7 18. Bg5 Bb7 19. Bxe7 Bxe7 20. Rd7 Qb6 21. Rxe7 Bxf3 22. Rae1 Bc6 23. Qc2 h6 24. b3 Rae8 25. Rxe8 Rxe8 26. Rxe8+ Bxe8 27. Qe4 Bc6 28. Qe5 Qb4 29. Nd5 Bxd5 30. Qxd5 Qe1+ 31. Kh2 Qxf2 32. Qd8+ Kh7 33. Qd3+ g6 34. Qxa6 Qf4+ 35. Kg1 Qe3+ 36. Kh2 Qf4+ 37. Kg1 Qd4+ 38. Kh2 Kg7 39. Qc4 Qe5+ 40. Kg1 Qa1+ 41. Kh2 Qe5+ 42. Kg1 h5 43. a4 Kf6 44. Kf1 Qf5+ 45. Kg1 Qe5 46. a5 Qa1+ 47. Kh2 Qxa5 48. Qf4+ Kg7 49. Qe5+ Kh7 50. Qf6 Qc7+ 51. Kg1 c4 52. b4 c3 53. b5 c2 0-1


[Site "https://www.chess.com"]

[Event "Titled Tuesday Blitz July 18 Early 2023"]
[White "Romero Ruscalleda, Josep"]
[Black "Zampronha, Wladimir Camilo"]
[WhiteFideId "2231859"]
[BlackFideId "2103087"]
[WhiteElo "2381"]
[BlackElo "2276"]
[Result "0-1"]
[Round "8"]
[TimeControl "180+2"]
[Date "2023.07.18"]
[WhiteClock "0:00:06"]
[BlackClock "0:00:15"]
[Board "153"]

1. e4 c5 2. c3 Nf6 3. e5 Nd5 4. Nf3 e6 5. d4 cxd4 6. cxd4 b6 7. a3 Bb7 8. Bd2 d6 9. Nc3 Nxc3 10. Bxc3 Nd7 11. Bd3 Be7 12. O-O O-O 13. Qe2 dxe5 14. dxe5 Nc5 15. Bc2 Ba6 16. Qe3 Bxf1 17. Rxf1 Qd5 18. Rd1 Qa2 19. Nd4 Rad8 20. h4 Rd5 21. Bb1 Qc4 22. Re1 Rfd8 23. Nf3 Rd1 24. Bc2 Rxe1+ 25. Qxe1 Bxh4 26. g3 Be7 27. Kg2 g6 28. Qh1 Ne4 29. Qh6 Nxc3 30. bxc3 Qxc3 31. Be4 Qxa3 32. Nh4 Bxh4 33. gxh4 Qb4 34. Bf3 Qe7 35. h5 b5 36. hxg6 hxg6 37. Be4 b4 38. Bxg6 fxg6 39. Qxg6+ Qg7 40. Qxg7+ Kxg7 0-1


[Site "https://www.chess.com"]

[Event "Titled Tuesday Blitz July 18 Early 2023"]
[White "Rodriguez Santiago, Jaime"]
[Black "Zaichenko, Daria"]
[WhiteFideId "3100898"]
[BlackFideId "4197453"]
[WhiteElo "2368"]
[BlackElo "2251"]
[Result "0-1"]
[Round "8"]
[TimeControl "180+2"]
[Date "2023.07.18"]
[WhiteClock "0:00:11"]
[BlackClock "0:00:32"]
[Board "154"]

1. c4 e6 2. d4 d5 3. Nc3 Be7 4. cxd5 exd5 5. Bf4 c6 6. e3 Bf5 7. Qb3 b6 8. h3 Nf6 9. Nf3 O-O 10. Be2 c5 11. dxc5 bxc5 12. Rd1 Qb6 13. Nxd5 Nxd5 14. Qxd5 Be6 15. Qe4 Nc6 16. O-O Bf6 17. b3 Nb4 18. Rd6 Qa5 19. Be5 Be7 20. Rd2 Nxa2 21. Ra1 Nc3 22. Bxc3 Qxc3 23. Rad1 Qxb3 24. Ne5 a5 25. Nc6 Bf6 26. Bd3 g6 27. Qf4 Bg7 28. Ne7+ Kh8 29. Bc2 Qc4 30. Qc7 a4 31. Bb1 a3 32. Rd8 Raxd8 33. Rxd8 Qc1+ 34. Kh2 Qxb1 35. Qc8 Bxc8 36. Rxf8+ Bxf8 37. Nxc8 Qb8+ 0-1


[Site "https://www.chess.com"]

[Event "Titled Tuesday Blitz July 18 Early 2023"]
[White "Sarkar, Justin"]
[Black "Davidson, Kevin"]
[WhiteFideId "2010011"]
[BlackFideId "2056810"]
[WhiteElo "2232"]
[BlackElo "2360"]
[Result "1-0"]
[Round "8"]
[TimeControl "180+2"]
[Date "2023.07.18"]
[WhiteClock "0:00:54"]
[BlackClock "0:00:20"]
[Board "155"]

1. e4 c5 2. Nf3 d6 3. d4 cxd4 4. Nxd4 Nf6 5. Nc3 a6 6. Bg5 e6 7. f4 Be7 8. Qf3 h6 9. Bh4 Qc7 10. O-O-O Nbd7 11. Be2 O-O 12. g4 b5 13. g5 hxg5 14. Bxg5 b4 15. Nb1 Bb7 16. Bd3 Nc5 17. Nd2 Rac8 18. Kb1 Rfe8 19. Rhg1 g6 20. h4 Nxd3 21. cxd3 Qc5 22. N2b3 Qb6 23. h5 a5 24. hxg6 a4 25. Bxf6 Bxf6 26. Qh5 1-0


[Site "https://www.chess.com"]

[Event "Titled Tuesday Blitz July 18 Early 2023"]
[White "Kev4444444444"]
[Black "Tarasova, Viktoriya"]
[BlackFideId "4175840"]
[WhiteElo "2225"]
[BlackElo "2360"]
[Result "1/2-1/2"]
[Round "8"]
[TimeControl "180+2"]
[Date "2023.07.18"]
[WhiteClock "0:00:07"]
[BlackClock "0:00:06"]
[Board "156"]

1. c4 Nf6 2. Nc3 e5 3. Nf3 Nc6 4. e4 Bb4 5. d3 d6 6. a3 Bc5 7. b4 Bb6 8. Be2 Bg4 9. O-O Bxf3 10. Bxf3 Bd4 11. Qc2 h6 12. b5 Ne7 13. Rb1 Bxc3 14. Qxc3 O-O 15. a4 Ng6 16. g3 Nd7 17. Ba3 b6 18. Bh5 Ne7 19. f4 g6 20. Be2 f5 21. fxe5 Nxe5 22. d4 Nd7 23. e5 dxe5 24. dxe5 Qe8 25. Bf3 Rd8 26. Rfe1 Nc5 27. Bxc5 bxc5 28. Qe3 Rd4 29. Qxh6 f4 30. g4 Rxc4 31. Rbc1 Rxa4 32. Rxc5 Ra3 33. Bc6 Qb8 34. Qg5 Qd8 35. Rd5 Nxd5 36. Qxg6+ Kh8 37. Qh6+ Kg8 38. Qe6+ Kh8 39. Bxd5 Qg5 40. Kg2 f3+ 41. Kh1 f2 42. Rf1 Re3 43. Qc6 Re1 44. Bg2 Rxf1+ 45. Bxf1 Qf4 46. Qc3 Qf3+ 47. Qxf3 Rxf3 48. Kg2 Re3 49. Kxf2 Rxe5 50. Kf3 Kg7 51. Kf4 Re8 52. Bd3 Rf8+ 53. Kg3 Rd8 54. Be2 Rd2 55. Kf2 Rb2 56. h4 Kh6 57. Kf3 Kg7 58. Bc4 Rc2 59. Bd3 Rc3 60. Ke4 Kf6 61. Kd4 Rc1 62. Ke3 Rh1 63. h5 Kg5 64. Be2 Rc1 65. Kd2 Rc5 66. Ke3 Rc1 67. Kf2 Rc5 68. Ke3 Rc1 1/2-1/2


[Site "https://www.chess.com"]

[Event "Titled Tuesday Blitz July 18 Early 2023"]
[White "Nithyalakshmi, Sivanesan"]
[Black "Vila Dupla, Aurelio"]
[WhiteFideId "5706955"]
[BlackFideId "2203383"]
[WhiteElo "2349"]
[BlackElo "2205"]
[Result "0-1"]
[Round "8"]
[TimeControl "180+2"]
[Date "2023.07.18"]
[WhiteClock "0:00:12"]
[BlackClock "0:00:11"]
[Board "157"]

1. e4 c5 2. Nc3 d6 3. f4 g6 4. Nf3 Bg7 5. Bc4 Nc6 6. O-O e6 7. d3 Nge7 8. d4 Nxd4 9. Nxd4 cxd4 10. Ne2 O-O 11. Kh1 d5 12. Bd3 dxe4 13. Bxe4 Qb6 14. Bd2 Bd7 15. Nc1 Bc6 16. Bxc6 Nxc6 17. Nd3 Rad8 18. Qf3 Rd5 19. Rae1 Rfd8 20. Qh3 Rh5 21. Qf3 Qa6 22. a3 Qc4 23. Rc1 Qd5 24. Qf2 a5 25. Kg1 Rf5 26. g4 Rf6 27. f5 h6 28. Qh4 g5 29. Qf2 exf5 30. gxf5 Ne7 31. b4 Nxf5 32. Qg2 Qxg2+ 33. Kxg2 Nh4+ 34. Kg3 Rxf1 35. Rxf1 Rc8 36. Rc1 axb4 37. Bxb4 f5 38. Kf2 Kh7 39. a4 Kg6 40. a5 h5 41. Nc5 Rc7 42. Nd3 Rc4 43. Rb1 Rxc2+ 44. Ke1 Rxh2 45. Bc5 Rh1+ 46. Kd2 Rxb1 47. Kc2 Ra1 48. Bb6 Ra2+ 49. Kb3 Rg2 50. Kc4 f4 51. Kd5 f3 52. Ke4 f2 53. Nxf2 Rxf2 54. Bd8 Re2+ 55. Kd3 Re3+ 56. Kc4 Ra3 57. a6 Rxa6 58. Bc7 Rc6+ 59. Kd5 Rxc7 0-1


[Site "https://www.chess.com"]

[Event "Titled Tuesday Blitz July 18 Early 2023"]
[White "Novikova, Margarita"]
[Black "micke12a"]
[WhiteFideId "14109689"]
[WhiteElo "2193"]
[BlackElo "2336"]
[Result "0-1"]
[Round "8"]
[TimeControl "180+2"]
[Date "2023.07.18"]
[WhiteClock "0:00:28"]
[BlackClock "0:00:54"]
[Board "158"]

1. e4 c5 2. Nc3 a6 3. d3 b5 4. g3 Bb7 5. Bg2 e6 6. Nge2 Nf6 7. O-O d5 8. f4 dxe4 9. f5 exf5 10. Rxf5 Be7 11. Be3 Nbd7 12. dxe4 b4 13. Nd5 Nxd5 14. exd5 Bd6 15. Bg5 f6 16. Bf4 Nb6 17. Bxd6 Qxd6 18. Nf4 O-O 19. Ne6 Rfe8 20. Qg4 Rxe6 21. dxe6 Bxg2 22. Kxg2 Qxe6 23. Rf4 Qd5+ 24. Qf3 Re8 25. Rd1 Re2+ 26. Kg1 Qxd1+ 27. Qf1 Re1 0-1


[Site "https://www.chess.com"]

[Event "Titled Tuesday Blitz July 18 Early 2023"]
[White "Korpics, Zsolt"]
[Black "BeautiFullMindChess"]
[WhiteFideId "705241"]
[WhiteElo "2329"]
[BlackElo "2186"]
[Result "1-0"]
[Round "8"]
[TimeControl "180+2"]
[Date "2023.07.18"]
[WhiteClock "0:00:38"]
[BlackClock "0:00:00"]
[Board "159"]

1. e4 c5 2. Nf3 d6 3. d4 cxd4 4. Nxd4 Nf6 5. Nc3 Nc6 6. Bg5 g6 7. Bxf6 exf6 8. Bc4 Bg7 9. O-O f5 10. Ndb5 O-O 11. Nxd6 fxe4 12. Ndxe4 Qh4 13. Bb3 Bf5 14. Ng3 Bg4 15. f3 Rad8 16. Qe2 Rfe8 17. Qc4 Bd4+ 18. Kh1 Be6 19. Qa4 Bxb3 20. axb3 Re5 21. Nce2 b5 22. Qa6 Nb4 23. Qb7 Nxc2 24. Rad1 Ne3 25. Nxd4 Nxf1 26. Nxf1 Red5 27. g3 1-0


[Site "https://www.chess.com"]

[Event "Titled Tuesday Blitz July 18 Early 2023"]
[White "kiwibobo"]
[Black "Cardenas Carbajal, Nilson"]
[BlackFideId "8401128"]
[WhiteElo "2319"]
[BlackElo "2177"]
[Result "0-1"]
[Round "8"]
[TimeControl "180+2"]
[Date "2023.07.18"]
[WhiteClock "0:01:48"]
[BlackClock "0:02:08"]
[Board "160"]

1. e4 e5 2. Nf3 Nc6 3. Bb5 a6 4. Ba4 Nf6 5. O-O Nxe4 6. d4 b5 7. Bb3 d5 8. dxe5 Be6 9. Be3 Bc5 10. Nd4 Nxd4 11. Bxd4 Bxd4 12. Qxd4 c5 13. Qe3 c4 14. f3 Ng5 15. h4 Nh3+ 16. gxh3 Qxh4 17. f4 Bxh3 18. Nd2 Bxf1 19. Rxf1 cxb3 20. Nxb3 O-O 21. Nd4 a5 22. Rf3 Ra6 23. f5 Rh6 24. Rf2 Qh1# 0-1


[Site "https://www.chess.com"]

[Event "Titled Tuesday Blitz July 18 Early 2023"]
[White "Tqebuchava, Zurab"]
[Black "Acikel, Mert"]
[WhiteFideId "13601113"]
[BlackFideId "12956465"]
[WhiteElo "2117"]
[BlackElo "2310"]
[Result "0-1"]
[Round "8"]
[TimeControl "180+2"]
[Date "2023.07.18"]
[WhiteClock "0:00:00"]
[BlackClock "0:00:40"]
[Board "161"]

1. e4 e5 2. Nf3 Nc6 3. Bb5 a6 4. Ba4 Nf6 5. O-O Be7 6. Re1 b5 7. Bb3 d6 8. h3 Na5 9. d3 Nxb3 10. axb3 O-O 11. c3 Bb7 12. Bg5 Re8 13. Bxf6 Bxf6 14. Nbd2 g6 15. Nf1 d5 16. Ng3 Bg7 17. Qe2 Qd6 18. h4 h5 19. Ng5 Qf6 20. b4 Qf4 21. Qf3 f6 22. Nh3 Qxh4 23. exd5 Rad8 24. Qe4 Qg4 25. c4 f5 26. Qxg4 hxg4 27. Ng5 Bc8 28. cxb5 axb5 29. Ra7 Rxd5 30. Rxc7 Rxd3 31. Rec1 Bd7 32. Kh2 Bh6 33. N5e4 fxe4 34. Nxe4 Bxc1 35. Nf6+ Kf8 0-1


[Site "https://www.chess.com"]